 Dungeon Crawl Stone Soup version 0.29.0-11-gd7f09526c8 (webtiles) character file.

Game seed: 7211434941166528651

78 sanka the Vexing (level 3, -4/28 HPs)
             Began as a Demigod Arcane Marksman on Sept 5, 2022.
             Slain by an ogre
             ... wielding a +0 giant club
              (32 damage)
             ... on level 3 of the Dungeon.
             The game lasted 00:04:35 (2527 turns).

sanka the Vexing (Demigod Arcane Marksman)          Turns: 2527, Time: 00:04:35

Health: -4/28      AC:  2    Str: 11    XL:     3   Next: 94%
Magic:  2/8        EV: 12    Int: 19    God:
Gold:   158        SH:  0    Dex: 14    Spells: 2/5 levels left

rFire   . . .      SeeInvis +   a - +1 sling
rCold   . . .      Faith    .   (no shield)
rNeg    . . .      Spirit   .   c - +0 robe
rPois   .          Reflect  .   (no helmet)
rElec   .          Harm     .   (no cloak)
rCorr   .          Rampage  .   (no gloves)
Will    .....                   (no boots)
Stlth   +.........              (no amulet)
HPRegen 0.09/turn               (no ring)
MPRegen 0.11/turn               h - ring of see invisible

@: no status effects
A: high MP 1, forlorn, divine attributes
a: no special abilities


You were on level 3 of the Dungeon.
You visited 1 branch of the dungeon, and saw 3 of its levels.

You collected 158 gold pieces.


Innate Abilities, Weirdness & Mutations

You have an increased reservoir of magic. (+10% MP)
You shall have no god before yourself.
Your divine heritage dramatically boosts your attributes as you level up.


   Skills:
 - Level 1.3 Fighting
 - Level 2.0 Ranged Weapons
 - Level 2.1 Dodging
 + Level 1.8 Spellcasting
 - Level 3.0 Hexes
 * Level 1.8 Fire Magic


You had 2 spell levels left.
You knew the following spells:

 Your Spells              Type           Power      Damage    Failure   Level
y - Scorch                Fire           16%        2d5       12%         2
z - Slow                  Hex            52%        N/A       4%          1

Your spell library contained the following spells:

 Spells                   Type           Power      Damage    Failure   Level
 Magic Dart               Conj           4%         1d3       17%         1
 Summon Small Mammal      Summ           4%         N/A       17%         1
 Call Imp                 Summ           1%         N/A       26%         2
 Inner Flame              Hex/Fire       10%        N/A       19%         3
 Portal Projectile        Hex/Tloc       14%        N/A       28%         3
 Summon Guardian Golem    Hex/Summ       7%         N/A       28%         3
 Call Canine Familiar     Summ           1%         N/A       45%         3
 Mephitic Cloud           Conj/Pois/Air  1%         N/A       45%         3
 Cause Fear               Hex            6%         N/A       45%         4
 Flame Wave               Conj/Fire      5%         2d5       75%         4
 Summon Cactus Giant      Summ           0%         N/A       100%        6

Inventory:

Hand Weapons
 a - a +1 sling (weapon)
Armour
 c - a +0 robe (worn)
Jewellery
 h - a ring of see invisible (right hand)
Wands
 j - a wand of roots (8)
Scrolls
 b - 2 scrolls of poison {!r}
 d - 3 scrolls of teleportation {unknown}
 e - 3 scrolls of identify {unknown}
 f - a scroll of fog {unknown}
Potions
 g - 2 potions of heal wounds {unknown}
 i - a potion of magic {unknown}

Dungeon Overview and Level Annotations

Branches:
Dungeon (3/15)

Shops:
D:2 =

Annotations:
D:2 1 runed translucent door, Crazy Yiuf, Sigmund
D:3 3 runed translucent doors, nmsoi's ghost, weakling MiGl

▒.▒ ▒..▒▒▒.▒▒▒ ▒.▒ ▒.▒▒▒
▒▒▒▒▒..▒ ▒.▒ ....▒ ▒▒▒▒▒▒
▒▒▒▒▒▒▒▒.▒▒▒ ▒▒▒.▒
▒..▒▒▒..........▒ ▒.▒
▒.......▒.▒▒▒[▒.▒ ▒▒▒.▒▒
▒...>▒▒...).....▒
.....▒KK▒.▒.K▒.......▒.▒▒▒.▒.▒
▒▒▒.▒▒▒K..KK▒▒.......▒.▒)▒.▒.▒▒▒
▒.▒ ▒▒+++▒▒..Op<▒▒.▒.▒▒▒.▒...▒
▒.▒ ..........▒.▒▒....)....▒.▒
▒.▒ ▒...▒▒▒▒.▒▒.▒▒.▒.▒▒▒.▒.▒.▒
▒.▒▒▒.▒▒ ▒.................▒
▒.▒▒...▒▒▒▒▒▒▒..▒.....▒▒▒..▒.▒
▒...............▒.▒▒▒▒▒ ▒..▒.▒
▒▒▒▒...▒▒▒▒▒▒...▒.▒ ▒..▒.▒
▒▒.▒▒▒.......[.▒▒▒▒▒▒▒..▒.▒
▒.▒▒▒.▒▒▒................▒


You could see a kobold brigand, an ogre (combustible) and a kobold.


Message History

No target in view!
No target in view!
No target in view!
j - a wand of roots (8)
The ogre shouts!
The kobold shouts!
Nmsoi's ghost turns its malevolent gaze towards you.
You hear a shout!
You hear a shout!
You hear a shout!
You hear a shout!
You shoot a sling bullet.
The sling bullet barely misses the ogre.
The kobold shouts!
You hear a shout!
You hear a shout!
You shoot a sling bullet.
The sling bullet barely misses the ogre.
Flames lash the ogre.
The ogre is moderately wounded.
The ogre's fire resistance burns away.
Flames lash the ogre.
The ogre is burned terribly!
The ogre is heavily wounded.
Flames lash the ogre.
The ogre is burned terribly!
The ogre is severely wounded.
The ogre hits you with a +0 giant club!!
Ouch! That really hurt!
You die...

Action                   || total
-------------------------++-------
 Fire: Sling             ||   150
 Cast: Scorch            ||    12
Armor: Robe              ||    17
Dodge: Dodged            ||    50

Levels and vault maps discovered:
D:1:      dpeg_arrival_tiny_f, layout_basic
D:2:      layout_basic, serial_shops, shop,
          shapermc_ecumenical_altar_totnotflames, basic_altar,
          minmay_shallow_snake_nest, uniq_sigmund, uniq_crazy_yiuf_cottage
D:3:      layout_loops_ring, gammafunk_ghost_nasty_kobolds, minmay_surrounded

Notes
Turn   | Place    | Note
-------+----------+-------------------------------------------
     0 | D:1      | sanka the Demigod Arcane Marksman began the quest for the
                  | Orb.
     0 | D:1      | Reached XP level 1. HP: 15/15 MP: 4/4
    24 | D:1      | Reached skill level 2 in Ranged Weapons
   143 | D:1      | Reached skill level 3 in Hexes
   145 | D:1      | Reached skill level 1 in Fighting
   313 | D:1      | Reached skill level 2 in Dodging
   313 | D:1      | Reached XP level 2. HP: 23/23 MP: 5/5
   652 | D:1      | Learned a level 2 spell: Scorch
   946 | D:2      | Reached XP level 3. HP: 27/28 MP: 7/7
  1042 | D:2      | Noticed Sigmund
  1176 | D:2      | Reached skill level 1 in Fire Magic
  1304 | D:2      | Found Ocige's Jewellery Boutique.
  1571 | D:2      | Found a runed translucent door.
  1572 | D:2      | Noticed Crazy Yiuf
  1874 | D:3      | Noticed an ogre
  1906 | D:3      | Found a runed translucent gate.
  1907 | D:3      | Noticed a kobold brigand
  2314 | D:3      | Found a runed translucent gate.
  2317 | D:3      | Found a runed translucent gate.
  2522 | D:3      | Noticed nmsoi's ghost (weakling MiGl)
  2527 | D:3      | Slain by an ogre

Vanquished Creatures
  2 adders
  3 worms
  A dart slug (D:1)
  An orc (D:3)
  6 ball pythons
  9 endoplasms
  2 giant cockroaches
  3 hobgoblins
  2 jackals (D:1)
  A quokka (D:3)
  2 bats
  4 frilled lizards
  4 goblins (D:2)
  4 kobolds
  4 rats (D:2)
48 creatures vanquished.

Vanquished Creatures (others)
  3 fungi (D:3)
  A plant (D:3)
4 creatures vanquished.

Grand Total: 52 creatures vanquished
